 Dungeon Crawl Stone Soup version 0.19-a0-734-ge18daf0 (webtiles) character file.

427861 Kaziganthi the Impregnable (level 22, -1/228 HPs)
             Began as a Minotaur Berserker on June 21, 2016.
             Was a High Priest of Trog.
             Slain by a deep troll (illusionary) (23 damage)
             ... on level 3 of the Depths on June 22, 2016.
             The game lasted 09:15:55 (51739 turns).

Kaziganthi the Impregnable (Minotaur Berserker)    Turns: 51739, Time: 09:16:02

Health: -1/228     AC: 31    Str: 28      XL:     22   Next: 78%
Magic:  6/6        EV: 13    Int:  2 (4)  God:    Trog [*****.]
Gold:   2733       SH: 29    Dex: 14      Spells: 0 memorised, 21 levels left

rFire  + + .     SeeInvis +     F - +4 eveningstar (antimagic)
rCold  . . .     Gourm    .     g - +0 plate armour {rF+}
rNeg   . . .     Faith    .     R - +5 large shield "Xiunes" {rF+}
rPois  +         Spirit   .     z - +0 hat {SInv}
rElec  .         Dismiss  .     t - +1 cloak {rPois}
rCorr  .         Reflect  .     s - +0 pair of gloves
SustAt .         Harm     .     b - +5 pair of boots of Ustusuu {MR++ SInv Stlth+}
MR     ++++.     Rnd*Rage +     B - amulet of Vitality {Regen+ HP+15}
Stlth  ..........               O - ring of flight
                                f - ring of protection from magic

@: exhausted, very slightly contaminated, slowed, drained, very slow, incredibly
resistant to hostile enchantments, extremely unstealthy
A: retaliatory headbutt, horns 2, berserk 1, low mp 1, screaming 1
a: Berserk, Trog's Hand, Brothers in Arms, Burn Spellbooks, Renounce Religion,
Evoke Flight
}: 2/15 runes: barnacled, gossamer


You were on level 3 of the Depths.
You worshipped Trog.
Trog was extremely pleased with you.
You were near starving.

You visited 9 branches of the dungeon, and saw 42 of its levels.
You visited the Abyss 1 time.
You visited 1 bazaar.
You also visited: Sewer and Ice Cave.

You collected 4960 gold pieces.
You spent 2227 gold pieces at shops.

Inventory:

Hand Weapons
 a - a +4 dire flail of crushing
 F - a +4 antimagic eveningstar (weapon)
 N - the +6 executioner's axe of Turmoil {drain, rF+}
   (You took it off a vampire on level 2 of the Depths)

   A truly terrible weapon, it drains the life of those it strikes.
   It protects you from fire.
 V - the +8 dire flail of Purpose {freeze, rPois Int+2 Dex+3}
   (Trog gifted it to you on level 2 of the Depths)

   It has been specially enchanted to freeze those struck by it, causing extra
   injury to most foes and up to half again as much damage against particularly
   susceptible opponents.
   It can also slow down cold-blooded creatures.
   It affects your intelligence (+2).
   It affects your dexterity (+3).
   It protects you from poison.
Missiles
 I - 9 javelins of returning (quivered)
Armour
 b - the +5 pair of boots of Ustusuu (worn) {MR++ SInv Stlth+}
   (You bought it in a shop on level 2 of the Orcish Mines)

   It affects your resistance to hostile enchantments.
   It lets you see invisible.
   It makes you more stealthy.
 g - a +0 plate armour of fire resistance (worn)
 s - a +0 pair of gloves (worn)
 t - a +1 cloak of poison resistance (worn)
 w - a +4 plate armour
 z - a +0 hat of see invisible (worn)
 P - a fire dragon hide
 R - the +5 large shield "Xiunes" (worn) {rF+}
   (You took it off a merfolk on level 3 of the Shoals)

   It protects you from fire.
Jewellery
 d - an uncursed ring of positive energy
 f - a ring of protection from magic (left hand)
 B - the amulet of Vitality (around neck) {Regen+ HP+15}
   (You found it on level 6 of the Dungeon)

   [amulet of regeneration]

   It affects your health (+15).
   It increases your rate of regeneration.
 C - an uncursed ring of poison resistance
 G - an uncursed ring of protection from cold
 O - a ring of flight (right hand)
 Y - an uncursed ring of resist corrosion
Wands
 c - a wand of teleportation (3/9)
 k - a wand of confusion (13/48)
 n - a wand of flame (32/48)
 o - a wand of digging (5/24)
 r - a wand of slowing (24/48)
 v - a wand of enslavement (8/24)
 H - a wand of flame (33/48)
 J - a wand of heal wounds (3/9)
 L - a wand of disintegration (16/24)
Scrolls
 i - 7 scrolls of recharging
 l - 4 scrolls of blinking
 u - 6 scrolls of magic mapping
 y - 9 scrolls of teleportation
 D - 13 scrolls of identify
 E - a scroll of silence
 K - 2 scrolls of fear
 S - 23 scrolls of remove curse
 W - 7 scrolls of fog
 X - a scroll of enchant weapon
Potions
 e - 11 potions of curing
 j - 2 potions of haste
 m - 3 potions of invisibility
 q - a potion of magic
 x - 4 potions of flight
 T - 2 potions of resistance
 U - 4 potions of cancellation
 Z - 4 potions of heal wounds
Comestibles
 h - 30 fruits
 p - 4 beef jerkies
 A - 36 bread rations
 M - 14 royal jellies


   Skills:
 - Level 21.5(20.6) Fighting
 - Level 20.0(19.0) Maces & Flails
 + Level 15.2(14.3) Throwing
 * Level 22.1(21.1) Armour
 - Level 11.3(10.5) Dodging
 * Level 21.8(20.8) Shields


You had 21 spell levels left.
You didn't know any spells.

Dungeon Overview and Level Annotations

Branches:
Dungeon (15/15)            Temple (1/1) D:5            Lair (6/6) D:9
 Shoals (4/4) Lair:4       Spider (4/4) Lair:2          Orc (2/2) D:10
    Elf (2/3) Orc:2        Vaults (5/5) D:14          Crypt (0/3) Vaults:3
 Depths (3/5) D:15
  Slime: Lair:5-6

Altars:
Ashenzari
Cheibriados
Dithmenos
Elyvilon
Fedhas
Gozag
Hepliaklqana
Kikubaaqudgha
Makhleb
Nemelex Xobeh
Okawaru
Pakellas
Qazlal
Ru
Sif Muna
Trog
Uskayaw
Vehumet
Xom
Yredelemnul
Zin
The Shining One
Beogh

Shops:
D:5 *   D:9 *   D:10 *   D:14 (   Orc:2 [([?   Shoals:1 *   Vaults:2 (?*
Depths:1 (

Portals:
Hell: Depths:1 Depths:2
Abyss: Depths:1
Pandemonium: Depths:1 Depths:2 Depths:3
Ziggurat: Depths:2
Bazaar: Vaults:2
Trove: Vaults:2 (give 6 scrolls of blinking)

Annotations:
D:8 exclusion: oklob plant
Lair:6 exclusion: oklob plant
Depths:2 exclusion: 2 orange crystal statues


Innate Abilities, Weirdness & Mutations

You reflexively headbutt those who attack you in melee.
You have a pair of horns on your head.
You tend to lose your temper in combat.
Your magical capacity is low. (-10% MP)
You occasionally shout uncontrollably at your foes.


Message History

You block the deep troll's attack. x2
The deep troll claws you but does no damage.
You block the deep troll's attack. x2
The deep troll claws you but does no damage.
The deep troll misses you. The deep troll claws you.
* * * LOW HITPOINT WARNING * * *
The deep troll misses you.
You block the deep troll's attack. x2; The deep troll barely misses you.
You block the deep troll's attack. The deep troll claws you.
* * * LOW HITPOINT WARNING * * *
The deep troll completely misses you. You block the deep troll's attack.
The deep troll barely misses you.
The deep troll claws you but does no damage.
You block the deep troll's attack. The deep troll completely misses you.
The deep troll closely misses you. The deep troll barely misses you.
The deep troll closely misses you. You block the deep troll's attack.
The deep troll bites you!!
* * * LOW HITPOINT WARNING * * *
The deep troll claws you!!
You die...

#####T........
#T######## #T#
####.#
#####...c#
#...#..T.#
#.<.#....#
#...#TTT.#
##)###@###
#...#...#
#...'...#
#...#...#
#########


You could see 6 deep trolls and a yaktaur.

Vanquished Creatures
  2 ancient liches
  Saint Roka (Depths:2)
  Bai Suzhen (Shoals:2)
  Arachne (Spider:1)
  A bone dragon (Abyss:2)
  Jorgrun (Depths:2)
  A tentacled monstrosity (Vaults:4)
  Rupert (Lair:3)
  A lich (Depths:2)
  2 titans (Vaults:4)
  Polyphemus (Shoals:3)
  The ghost of tstbtto the Severer, an adept HOFi of Hepliaklqana (Shoals:4)
  A sphinx (Vaults:4)
  Frances (Spider:2)
  Gastronok (Lair:3)
  A kraken (Shoals:2)
  Kirke (Shoals:1)
  3 shadow dragons
  4 tengu reavers
  Donald (Spider:3)
  Wiglaf (Vaults:1)
  2 fire giants
  Ilsuiw (Shoals:4)
  2 orc warlords
  Maud (Lair:3)
  2 ghost moths (Spider:4)
  4 emperor scorpions
  Louise (D:14)
  8 vault wardens
  3 frost giants
  A balrug (Depths:3)
  3 iron dragons
  Aizul (Vaults:3)
  2 caustic shrike zombies (Depths:1)
  A reaper (Depths:1)
  A war gargoyle (Vaults:4)
  A caustic shrike skeleton (Depths:1)
  7 very ugly things
  12 ironheart preservers
  A juggernaut skeleton (Depths:1)
  Nessos (Orc:2)
  13 stone giants
  2 entropy weavers
  2 deep elf demonologists
  2 deep elf annihilators
  2 vampire knights (Depths:1)
  A dire elephant (D:15)
  3 spark wasps
  5 merfolk javelineers
  5 ettins
  6 merfolk impalers
  2 crystal guardians
  An eidolon (Depths:2)
  15 yaktaur captains
  Harold (D:13)
  5 fire dragons
  5 great orbs of eyes
  30 vault guards
  Fannar (D:12)
  2 rakshasas
  4 hydras
  8 ice dragons
  A ghost crab (shapeshifter) (Depths:2)
  A catoblepas (Shoals:3)
  An alligator snapping turtle (Shoals:4)
  3 merfolk avatars
  8 merfolk aquamancers
  6 satyrs
  Erolcha (D:9)
  8 centaur warriors
  Erica (D:10)
  2 death knights
  13 ogre magi
  5 deep troll shamans
  14 dancing weapons
  12 death yaks
  7 tengu warriors
  9 deep troll earth magi
  5 orc high priests (Orc:2)
  A sun demon (Depths:1)
  Urug (Lair:4)
  A wretched star (Abyss:2)
  A storm dragon zombie (Depths:2)
  A titan skeleton (Vaults:3)
  2 soul eaters
  3 spectral anacondas (Depths:2)
  A skeletal warrior (Depths:2)
  2 shadow wraiths
  A fire crab (Vaults:3)
  2 iron trolls (Depths:1)
  15 deep elf knights
  6 giant orange brains (Depths:2)
  11 sea snakes
  A wizard (Vaults:2)
  2 death drakes (Depths:2)
  20 deep trolls
  4 unseen horrors
  3 flayed ghosts
  2 tengu zombies (Vaults:3)
  6 hill giants
  11 deep elf archers
  A putrid demonspawn (Depths:3)
  A spectral minotaur (Depths:2)
  5 phantasmal warriors
  Pikel (D:8)
  16 harpies
  13 ironbrand convokers
  2 mana vipers (Depths:2)
  42 deep elf magi
  A mana viper (shapeshifter) (Depths:2)
  7 necromancers
  3 human zombies
  12 griffons
  16 orc knights
  10 manticores
  2 sixfirhies
  10 hornets
  28 wolf spiders
  28 orb spiders
  A wolf spider zombie (D:15)
  A shining eye (shapeshifter) (Depths:1)
  A cyclops (shapeshifter) (D:13)
  33 ugly things
  17 fauns
  8 cyclopes
  6 orc sorcerers
  10 elephants
  4 moths of wrath
  3 torpor snails
  A frost giant zombie (Vaults:3)
  Maurice (D:8)
  2 fire giant skeletons (Depths:1)
  7 black mambas
  6 sirens
  2 ice statues (IceCv)
  9 water nymphs
  A guardian serpent (Lair:6)
  13 vault sentinels
  A human skeleton (Vaults:3)
  19 spiny frogs
  A yaktaur zombie (Vaults:3)
  An orange demon (Depths:1)
  3 kobold demonologists
  A gargoyle (D:15)
  5 rime drakes
  9 komodo dragons
  2 spectral merfolk (Depths:2)
  33 yaktaurs
  A yaktaur (shapeshifter) (Vaults:2)
  2 ice devils (Orc:1)
  6 freezing wraiths
  19 demonic crawlers
  An anaconda simulacrum (Depths:2)
  An ancient zyme (Abyss:2)
  3 tengu conjurers
  26 merfolk
  25 two-headed ogres
  Prince Ribbit (D:7)
  19 jumping spiders
  A silent spectre (Abyss:2)
  21 slime creatures
  A wind drake (Shoals:4)
  2 polar bears
  A boulder beetle (shapeshifter) (Vaults:4)
  Grinder (D:3)
  9 trolls
  2 ettin zombies
  A sphinx simulacrum (Depths:1)
  2 stone giant simulacra (Vaults:3)
  A raiju (Depths:2)
  4 frost giant simulacra
  6 boulder beetles
  2 air elementals (Elf:2)
  15 snapping turtles
  2 ettin skeletons
  70 redbacks
  A ynoxinul (Depths:1)
  A meliai zombie (D:12)
  5 shadows
  4 wyverns
  A fire dragon skeleton (Depths:1)
  47 yaks
  25 tarantellas
  A tarantella (shapeshifter) (D:14)
  4 vampires (Depths:2)
  3 fire elementals
  23 water elementals
  Grum (D:8)
  5 basilisks
  8 wraiths
  4 hogs (Shoals:1)
  13 hippogriffs
  A hungry ghost (D:9)
  2 large abominations (Abyss:2)
  A steam dragon (Lair:6)
  5 vampire mosquitoes
  3 mottled dragons
  13 wargs
  3 hell hounds (Depths:2)
  A swamp drake (Lair:6)
  22 water moccasins
  A giant eyeball (Depths:2)
  2 hydra simulacra (Depths:2)
  6 porcupines
  2 black bears
  7 wasps
  60 orc warriors
  A spectral troll (Depths:2)
  An eye of draining (D:14)
  4 sky beasts
  2 snapping turtle zombies (Depths:2)
  17 ice beasts
  A phantom (D:4)
  A spectral spriggan (Depths:2)
  A starcursed mass (Abyss:2)
  A slave (D:8)
  28 wolves
  14 centaurs
  2 necrophages
  59 ogres
  11 crocodiles
  6 big kobolds
  20 giant frogs
  An earth elemental (Elf:2)
  A wyvern zombie (D:10)
  2 small abominations (Abyss:2)
  A scorpion (D:6)
  A water moccasin zombie (D:9)
  3 spectral nagas (Depths:2)
  6 killer bees (D:8)
  A spectral ogre (Depths:2)
  22 wights
  7 howler monkeys
  2 spectral centaurs (Depths:2)
  15 electric eels
  9 crimson imps
  4 centaur zombies
  A quasit (Abyss:2)
  4 centaur skeletons
  A giant frog zombie (D:6)
  45 orc priests
  10 jellies
  8 hounds
  25 orc wizards
  3 giant frog skeletons
  14 iguanas
  A troll simulacrum (Depths:2)
  Natasha (twice) (D:3)
  11 worker ants
  16 sheep
  A hound zombie (D:8)
  A mummy (D:6)
  2 hound skeletons
  6 gnolls
  2 naga simulacra (Depths:2)
  24 adders
  21 river rats
  2 shadow imps
  2 ufetubi (Abyss:2)
  18 oozes
  2 worms (D:4)
  13 giant geckos
  149 orcs
  8 ball pythons
  17 giant cockroaches
  5 hobgoblins
  12 jackals
  5 quokkas
  9 bats
  A giant gecko skeleton (D:7)
  13 giant newts
  7 goblins
  14 kobolds
  A quokka skeleton (D:4)
  2 quokka zombies
  8 rats
  A fire vortex (Lair:3)
  A plant (D:9)
  4 tentacles (Shoals:2)
2047 creatures vanquished.

Vanquished Creatures (collateral kills)
  3 very ugly things (Depths:2)
  An ettin (Depths:2)
  5 death yaks (Lair:3)
  A skeletal warrior (Depths:2)
  A wolf spider (Spider:2)
  A vault sentinel (Vaults:5)
  2 demonic crawlers
  2 jumping spiders
  A shadow (Depths:2)
  2 redbacks (Spider:2)
  4 yaks (Lair:3)
  A minotaur simulacrum (Depths:2)
  An orc warrior (Depths:2)
  An electric eel (Lair:1)
26 creatures vanquished.

Vanquished Creatures (others)
  A shadow dragon (Vaults:4)
  An ironheart preserver (Vaults:5)
  A vampire mage (Depths:2)
  An unseen horror (Vaults:1)
  A harpy (Vaults:1)
  A deep elf mage (Vaults:1)
  A fire elemental (Elf:1)
  A mottled dragon (Vaults:1)
  An orc warrior (Vaults:4)
  A slave (D:8)
  A wasp (Spider:4)
  2 orcs
  9 fungi
  A lurking horror (Abyss:2)
  69 plants
  9 tentacles (Shoals:2)
  413 tentacle segments (Shoals:2)
514 creatures vanquished.

Grand Total: 2587 creatures vanquished

Notes
Turn   | Place    | Note
--------------------------------------------------------------
     0 | D:1      | Kaziganthi the Minotaur Berserker began the quest for the Orb.
     0 | D:1      | Reached XP level 1. HP: 19/19 MP: 0/0
   363 | D:1      | Reached XP level 2. HP: 27/27 MP: 1/1
   949 | D:1      | Reached skill level 5 in Maces & Flails
   962 | D:1      | Reached XP level 3. HP: 17/33 MP: 2/2
  1092 | D:2      | Found a sacrificial altar of Ru.
  1116 | D:2      | Reached XP level 4. HP: 36/40 MP: 3/3
  1126 | D:2      | Reached ** piety under Trog
  1351 | D:2      | You fall through a shaft!
  1470 | D:3      | Noticed Grinder
  1553 | D:3      | Killed Grinder
  1553 | D:3      | Reached skill level 4 in Armour
  1553 | D:3      | Reached XP level 5. HP: 26/46 MP: 4/4
  1553 | D:3      | Reached XP level 6. HP: 29/52 MP: 5/5
  1998 | D:3      | Noticed Natasha
  2014 | D:3      | Killed Natasha
  2127 | D:3      | Noticed Natasha
  2132 | D:3      | Killed Natasha
  2132 | D:3      | Reached *** piety under Trog
  2396 | D:4      | Reached XP level 7. HP: 58/58 MP: 6/6
  2433 | D:4      | Reached skill level 5 in Armour
  2603 | D:4      | Found a glowing drain.
  2626 | Sewer    | Entered a sewer
  2764 | Sewer    | Reached **** piety under Trog
  2939 | Sewer    | Reached skill level 6 in Armour
  3123 | D:4      | Reached skill level 10 in Maces & Flails
  3127 | D:4      | Reached XP level 8. HP: 66/66 MP: 7/7
  3417 | D:4      | Reached ***** piety under Trog
  3831 | D:5      | Entered Level 5 of the Dungeon
  3899 | D:5      | Reached skill level 7 in Armour
  3968 | D:5      | Found Ucliexyr's General Store.
  3981 | D:5      | Bought a scroll of identify for 26 gold pieces
  4103 | D:5      | Found a staircase to the Ecumenical Temple.
  4109 | Temple   | Entered the Ecumenical Temple
  5053 | D:6      | Reached XP level 9. HP: 69/71 MP: 8/8
  5080 | D:6      | Received a gift from Trog
  5151 | D:6      | Reached skill level 8 in Armour
  5325 | D:6      | Found a snail-covered altar of Cheibriados.
  5758 | D:6      | Received a gift from Trog
  5818 | D:7      | Noticed Prince Ribbit
  5830 | D:7      | Killed Prince Ribbit
  5907 | D:7      | Reached skill level 9 in Armour
  6178 | D:7      | Found an opulent altar of Gozag.
  6917 | D:8      | Found a stormy altar of Qazlal.
  6918 | D:8      | Noticed Maurice
  6932 | D:8      | Killed Maurice
  6932 | D:8      | Reached skill level 10 in Armour
  6932 | D:8      | Reached XP level 10. HP: 78/78 MP: 9/9
  7023 | D:8      | Noticed Pikel
  7037 | D:8      | Killed Pikel
  7065 | D:8      | Noticed Grum
  7080 | D:8      | Killed Grum
  7087 | D:8      | Found a shimmering altar of Xom.
  7125 | D:8      | Reached skill level 11 in Armour
  7526 | D:8      | Found a blossoming altar of Fedhas.
  7548 | D:8      | Noticed an oklob plant
  7634 | D:9      | Noticed Erolcha
  7640 | D:9      | Killed Erolcha
  7640 | D:9      | Reached skill level 5 in Dodging
  7748 | D:9      | Reached skill level 12 in Armour
  7776 | D:9      | Noticed a deep elf mage
  7818 | D:9      | Killed a deep elf mage
  7838 | D:9      | Found Loofuirosy's Off-Brand Ammunition.
  7943 | D:9      | Reached XP level 11. HP: 83/83 MP: 10/10
  8078 | D:9      | Found a staircase to the Lair.
  8100 | D:9      | Reached skill level 13 in Armour
  8310 | Lair:1   | Entered Level 1 of the Lair of Beasts
  8319 | D:9      | Received a gift from Trog
  8390 | Lair:1   | Noticed a six-headed hydra
  8464 | Lair:1   | Killed a six-headed hydra
  8570 | Lair:1   | Reached skill level 1 in Throwing
  8819 | Lair:1   | Noticed a six-headed hydra
  8832 | Lair:1   | Killed a six-headed hydra
  9379 | Lair:2   | Noticed a four-headed hydra
  9389 | Lair:2   | Killed a four-headed hydra
  9399 | Lair:2   | Reached skill level 14 in Armour
  9658 | Lair:2   | Reached skill level 5 in Fighting
  9697 | Lair:2   | Found a hole to the Spider Nest.
  9698 | Lair:2   | Noticed a wolf spider
  9699 | Lair:2   | Noticed a wolf spider
  9709 | Lair:2   | Killed a wolf spider
  9724 | Lair:2   | Killed a wolf spider
 10254 | Lair:3   | Reached XP level 12. HP: 96/96 MP: 11/11
 10258 | Lair:3   | Noticed Gastronok
 10275 | Lair:3   | Killed Gastronok
 10385 | Lair:3   | Noticed Rupert
 10410 | Lair:3   | Noticed Maud
 10413 | Lair:3   | Killed Rupert
 10413 | Lair:3   | Reached skill level 10 in Dodging
 10596 | Lair:3   | Reached skill level 5 in Throwing
 10614 | Lair:3   | Received a gift from Trog
 10662 | Lair:3   | Reached skill level 10 in Fighting
 10713 | Lair:3   | Killed Maud
 11119 | Lair:3   | Noticed a death yak
 11119 | Lair:3   | Noticed a death yak
 11119 | Lair:3   | Noticed a death yak
 11121 | Lair:3   | Noticed a death yak
 11121 | Lair:3   | Noticed a death yak
 11125 | Lair:3   | Killed a death yak
 11126 | Lair:3   | Killed a death yak
 11129 | Lair:3   | Noticed a death yak
 11130 | Lair:3   | Killed a death yak
 11130 | Lair:3   | Reached XP level 13. HP: 118/118 MP: 12/12
 11488 | Lair:4   | Found a staircase to the Shoals.
 11593 | Lair:4   | Noticed Urug
 11604 | Lair:4   | Killed Urug
 11901 | Lair:4   | Received a gift from Trog
 12970 | D:10     | Entered Level 10 of the Dungeon
 12992 | D:10     | Found a staircase to the Orcish Mines.
 13093 | D:10     | Found Jiv Xopt's Demolitions Depot.
 13143 | D:10     | Noticed Erica
 13149 | D:10     | Killed Erica
 13228 | D:10     | Reached skill level 15 in Maces & Flails
 13347 | D:10     | Found a roughly hewn altar of Beogh.
 13355 | D:10     | Received a gift from Trog
 13713 | Lair:5   | Received a gift from Trog
 14227 | Lair:5   | Received a gift from Trog
 14461 | Lair:6   | Entered Level 6 of the Lair of Beasts
 14931 | Lair:6   | Reached XP level 14. HP: 132/132 MP: 13/13
 15019 | Lair:6   | Reached skill level 15 in Armour
 15781 | Lair:6   | Reached skill level 16 in Armour
 16623 | D:10     | Upgraded the game from 0.19-a0-722-g27ac516 to 0.19-a0-734-ge18daf0
 16624 | Orc:1    | Entered Level 1 of the Orcish Mines
 16762 | Orc:1    | Found a frozen archway.
 16779 | IceCv    | Entered an ice cave
 16994 | IceCv    | Received a gift from Trog
 17488 | Orc:1    | Received a gift from Trog
 17544 | Orc:1    | Found a roughly hewn altar of Beogh.
 17660 | Orc:2    | Entered Level 2 of the Orcish Mines
 18210 | Orc:2    | Found a roughly hewn altar of Beogh.
 18236 | Orc:2    | Reached skill level 17 in Armour
 18312 | Orc:2    | Found Zeynuon's Armour Emporium.
 18331 | Orc:2    | Found Aqis's Weapon Shoppe.
 18599 | Orc:2    | Noticed Nessos
 18630 | Orc:2    | Killed Nessos
 18630 | Orc:2    | Reached XP level 15. HP: 94/138 MP: 14/14
 18642 | Orc:2    | Reached ****** piety under Trog
 18642 | Orc:2    | Received a gift from Trog
 18652 | Orc:2    | Noticed an orc warlord
 18672 | Orc:2    | Killed an orc warlord
 18747 | Orc:2    | Found a roughly hewn altar of Beogh.
 18875 | Orc:2    | Found Biomat's Magic Scroll Boutique.
 18942 | Orc:2    | Found Myza's Armour Shop.
 18947 | Orc:2    | Received a gift from Trog
 19182 | Orc:2    | Received a gift from Trog
 19192 | Orc:2    | Found a staircase to the Elven Halls.
 19228 | Orc:2    | Paralysed by an orc sorcerer for 3 turns
 19911 | D:11     | Got a translucent cloak
 20664 | D:12     | Reached skill level 1 in Shields
 20783 | D:12     | Received a gift from Trog
 20852 | D:12     | Noticed Fannar
 20889 | D:12     | Killed Fannar
 21463 | D:13     | Reached skill level 18 in Armour
 21553 | D:13     | Noticed Harold
 21562 | D:13     | Noticed an orc warlord
 21568 | D:13     | Killed Harold
 21619 | D:13     | Killed an orc warlord
 22376 | Lair:1   | Identified the -7 cloak "Raah" {rElec rN+ Dex+2} (You found it on level 11 of the Dungeon)
 22610 | D:14     | Found a gate to the Vaults.
 22678 | D:14     | Noticed Louise
 22737 | D:14     | Killed Louise
 22956 | D:14     | Received a gift from Trog
 22976 | D:14     | Found Voczysisk's Antique Weapon Shop.
 23222 | D:15     | Entered Level 15 of the Dungeon
 23308 | D:15     | Found a staircase to the Depths.
 23314 | D:15     | Received a gift from Trog
 23718 | D:15     | Reached skill level 5 in Shields
 23718 | D:15     | Reached XP level 16. HP: 134/146 MP: 5/15
 24300 | Orc:2    | Bought the +5 pair of boots of Ustusuu {MR++ SInv Stlth+} for 882 gold pieces
 24459 | Spider:1 | Entered Level 1 of the Spider Nest
 25686 | Spider:1 | Reached skill level 19 in Armour
 25868 | Spider:2 | Noticed Arachne
 25896 | Spider:1 | Killed Arachne
 26049 | Spider:2 | Received a gift from Trog
 26130 | Spider:2 | Noticed Frances
 26150 | Spider:2 | Received a gift from Trog
 26161 | Spider:2 | Killed Frances
 27476 | Spider:3 | Received a gift from Trog
 27764 | Spider:3 | Noticed Donald
 27783 | Spider:3 | Killed Donald
 28118 | Spider:1 | Received a gift from Trog
 28158 | Spider:4 | Entered Level 4 of the Spider Nest
 28490 | Spider:4 | Reached XP level 17. HP: 154/154 MP: 16/16
 28528 | Spider:4 | Reached skill level 20 in Armour
 28677 | Spider:4 | Received a gift from Trog
 29342 | Spider:4 | Got a gossamer rune of Zot
 29623 | Spider:4 | Identified Sif Muna's Collected Works on the Compass and Flight
 30101 | Elf:1    | Entered Level 1 of the Elven Halls
 30151 | Elf:1    | Reached skill level 15 in Fighting
 30601 | Elf:1    | Received a gift from Trog
 30698 | Elf:1    | Reached skill level 10 in Shields
 30797 | Elf:1    | Received a gift from Trog
 31921 | Elf:2    | Cast into level 2 of the Abyss (glaive of distortion)
 32042 | Abyss:2  | Found a corrupted altar of Lugonu.
 32058 | Abyss:2  | Paralysed by accursed screaming for 1 turns
 32190 | Abyss:2  | Lost intelligence.
 32255 | Abyss:2  | Noticed a bone dragon
 32271 | Abyss:2  | Killed a bone dragon
 32271 | Abyss:2  | Reached XP level 18. HP: 69/166 MP: 5/17
 32279 | Abyss:2  | Paralysed by accursed screaming for 1 turns
 32293 | Abyss:2  | Paralysed by accursed screaming for 1 turns
 32300 | Elf:2    | Escaped the Abyss
 32656 | Shoals:1 | Entered Level 1 of the Shoals
 32897 | Shoals:1 | Reached skill level 10 in Throwing
 32994 | Shoals:1 | Noticed Kirke
 33009 | Shoals:1 | Killed Kirke
 33042 | Shoals:1 | Received a gift from Trog
 33113 | Shoals:1 | Found Qisiris's Assorted Antiques.
 34572 | Shoals:3 | Noticed Bai Suzhen
 34626 | Shoals:3 | Noticed Polyphemus
 34636 | Shoals:2 | Received a gift from Trog
 34761 | Shoals:2 | Killed Bai Suzhen
 34986 | Shoals:3 | Got an ichor-stained large shield
 34998 | Shoals:3 | Identified the +5 large shield "Xiunes" {rF+} (You took it off a merfolk on level 3 of the Shoals)
 35384 | Shoals:3 | Killed Polyphemus
 35759 | Shoals:3 | Found a gateway to a bazaar.
 35781 | Bazaar   | Entered a bazaar
 35788 | Bazaar   | Found Yrhado's Antique Weapon Shop.
 35802 | Bazaar   | Found Zearpheikh's Food Boutique.
 35828 | Bazaar   | Found Ruruusar's Food Boutique.
 35842 | Bazaar   | Found Xuyta Dyun's Antique Weapon Shop.
 35856 | Bazaar   | Found Dirup's Food Boutique.
 35931 | Bazaar   | Bought a glowing dire flail for 120 gold pieces
 35961 | Bazaar   | Bought a meat ration for 30 gold pieces
 35961 | Bazaar   | Bought a meat ration for 30 gold pieces
 35961 | Bazaar   | Bought a meat ration for 30 gold pieces
 35961 | Bazaar   | Bought a slice of pizza for 9 gold pieces
 35961 | Bazaar   | Bought a meat ration for 30 gold pieces
 35961 | Bazaar   | Bought a slice of pizza for 9 gold pieces
 35961 | Bazaar   | Bought a bread ration for 30 gold pieces
 35961 | Bazaar   | Bought a beef jerky for 9 gold pieces
 35961 | Bazaar   | Bought a beef jerky for 9 gold pieces
 35961 | Bazaar   | Bought a bread ration for 30 gold pieces
 35961 | Bazaar   | Bought a bread ration for 30 gold pieces
 35961 | Bazaar   | Bought a bread ration for 30 gold pieces
 35961 | Bazaar   | Bought a meat ration for 30 gold pieces
 35961 | Bazaar   | Bought a meat ration for 30 gold pieces
 36014 | Bazaar   | Bought a bread ration for 65 gold pieces
 36014 | Bazaar   | Bought a bread ration for 65 gold pieces
 36014 | Bazaar   | Bought a meat ration for 65 gold pieces
 36014 | Bazaar   | Bought 2 fruits for 39 gold pieces
 36014 | Bazaar   | Bought a bread ration for 65 gold pieces
 36014 | Bazaar   | Bought a meat ration for 65 gold pieces
 36014 | Bazaar   | Bought a meat ration for 65 gold pieces
 36014 | Bazaar   | Bought a beef jerky for 19 gold pieces
 36014 | Bazaar   | Bought a meat ration for 65 gold pieces
 36014 | Bazaar   | Bought 2 fruits for 39 gold pieces
 36014 | Bazaar   | Bought a meat ration for 65 gold pieces
 36066 | Bazaar   | Bought a bread ration for 30 gold pieces
 36066 | Bazaar   | Bought a meat ration for 30 gold pieces
 36066 | Bazaar   | Bought a meat ration for 30 gold pieces
 36066 | Bazaar   | Bought 3 fruits for 27 gold pieces
 36066 | Bazaar   | Bought a bread ration for 30 gold pieces
 36066 | Bazaar   | Bought a meat ration for 30 gold pieces
 36066 | Bazaar   | Bought a beef jerky for 9 gold pieces
 36066 | Bazaar   | Bought a meat ration for 30 gold pieces
 36066 | Bazaar   | Bought a meat ration for 30 gold pieces
 36429 | Shoals:4 | Entered Level 4 of the Shoals
 36433 | Shoals:4 | Noticed tstbtto's ghost (adept HOFi)
 36463 | Shoals:4 | Killed tstbtto's ghost
 36955 | Shoals:4 | Noticed Ilsuiw
 36984 | Shoals:4 | Killed Ilsuiw
 36988 | Shoals:4 | Received a gift from Trog
 37151 | Shoals:4 | Reached XP level 19. HP: 179/179 MP: 6/18
 37479 | Shoals:4 | Got a barnacled rune of Zot
 38333 | Vaults:1 | Entered Level 1 of the Vaults
 38376 | Vaults:1 | Received a gift from Trog
 38422 | Vaults:1 | Noticed Wiglaf
 38458 | Vaults:1 | Killed Wiglaf
 38589 | Vaults:1 | Received a gift from Trog
 38955 | Vaults:1 | Reached skill level 15 in Shields
 39753 | Vaults:2 | Found Ruituf's Magic Scroll Emporium.
 39774 | Vaults:2 | Received a gift from Trog
 40869 | Vaults:2 | Received a gift from Trog
 40930 | Vaults:2 | Found a portal to a secret trove of treasure.
 41104 | Vaults:2 | Found Buxo's Weapon Shoppe.
 41255 | Vaults:2 | Found Wofer's Assorted Antiques.
 41331 | Vaults:2 | Found a gateway to a bazaar.
 41515 | Vaults:3 | Received a gift from Trog
 41622 | Vaults:3 | Received a gift from Trog
 41698 | Vaults:3 | Reached XP level 20. HP: 193/193 MP: 6/19
 41942 | Vaults:3 | Noticed Aizul
 41969 | Vaults:3 | Killed Aizul
 42225 | Vaults:3 | Found a staircase to the Crypt.
 42225 | Vaults:3 | Found a basalt altar of Yredelemnul.
 42226 | Vaults:3 | Found an ancient bone altar of Kikubaaqudgha.
 42482 | Vaults:3 | Received a gift from Trog
 42500 | Vaults:3 | Got a faintly glowing dagger {god gift}
 42508 | Vaults:3 | Identified the +3 dagger of Courage {venom, Str+3} (Trog gifted it to you on level 3 of the Vaults)
 43673 | Vaults:4 | Gained mutation: You occasionally shout uncontrollably at your foes. [a neqoxec]
 43701 | Vaults:4 | Received a gift from Trog
 43933 | Vaults:4 | Received a gift from Trog
 44569 | Vaults:5 | Entered Level 5 of the Vaults
 44699 | Vaults:4 | Reached XP level 21. HP: 175/204 MP: 6/20
 44952 | Vaults:5 | Received a gift from Trog
 44963 | Vaults:5 | Noticed an ancient lich
 45844 | Vaults:4 | Killed an ancient lich
 47112 | Vaults:1 | Received a gift from Trog
 47224 | Depths:1 | Entered Level 1 of the Depths
 47663 | D:15     | Received a gift from Trog
 47874 | Depths:1 | Found a one-way gate to the infinite horrors of the Abyss.
 47899 | Depths:1 | Found Zasijygeusk's Antique Weapon Boutique.
 47911 | Depths:1 | Gained mutation: You tend to lose your temper in combat. [a shining eye]
 48043 | Depths:1 | Gained mutation: Your magical capacity is low. (-10% MP) [a shining eye]
 48123 | Depths:1 | Received a gift from Trog
 48797 | Depths:1 | Found a gateway to Hell.
 48876 | Depths:1 | Received a gift from Trog
 48893 | Depths:1 | Reached skill level 21 in Armour
 48893 | Depths:1 | Reached XP level 22. HP: 163/213 MP: 6/18
 49192 | Depths:1 | Found a one-way gate leading to the halls of Pandemonium.
 49716 | Depths:2 | Noticed Saint Roka
 49778 | Depths:2 | Noticed Jorgrun
 49789 | Depths:2 | Killed Saint Roka
 49794 | Depths:2 | Killed Jorgrun
 50162 | Depths:2 | Found a gateway to a ziggurat.
 50233 | Depths:2 | Received a gift from Trog
 50445 | Depths:2 | Noticed an ancient lich
 50462 | Depths:2 | Killed an ancient lich
 50528 | Depths:2 | Received a gift from Trog
 50545 | Depths:2 | Got an encrusted dire flail {god gift}
 50557 | Depths:2 | Identified the +8 dire flail of Purpose {freeze, rPois Int+2 Dex+3} (Trog gifted it to you on level 2 of the Depths)
 50608 | Depths:2 | Paralysed by a giant eyeball for 3 turns
 50668 | Depths:2 | Got an ichor-stained executioner's axe {drain}
 50671 | Depths:2 | Identified the +6 executioner's axe of Turmoil {drain, rF+} (You took it off a vampire on level 2 of the Depths)
 50849 | Depths:2 | Reached skill level 15 in Throwing
 51190 | Depths:2 | Lost intelligence.
 51681 | Depths:3 | Reached skill level 22 in Armour
 51739 | Depths:3 | Slain by a deep troll (illusionary)

Vault maps used:
D:1:      dpeg_arrival_round_b, hangedman_decor_clover_reticule,
          hex_intersection, minmay_misc_feat_four_crosses
D:2:      lemuel_crystal_altar
D:3:      uniq_natasha, uniq_grinder
D:4:      gup_sewer_entry_bubbles
D:5:      serial_shops, nicolae_shop_trees, first_bread
D:6:      slow_altar_1
D:7:      marbit_many_paths, uniq_prince_ribbit1
D:8:      old_standard_altar, tgw_fedhas, old_standard_altar, uniq_maurice,
          uniq_grum, uniq_pikel
D:9:      david_lair_shrubbed, hangedman_little_slice_of_home,
          nicolae_offbrand_ammo, uniq_erolcha
D:10:     minmay_orc_entry_temple_small, nicolae_blasting_shop, uniq_erica
D:12:     uniq_fannar
D:13:     sword_in_stone
D:14:     david_vaults_5, serial_shops, shop_fountains, minivault_19,
          uniq_louise
D:15:     hangedman_depths_entry_try_elsewhere_first, serial_bayou_pond_e
Temple:   minmay_temple_bridge_d
Lair:1:   infiniplex_staircase_pool
Lair:2:   spider_nest_entry_funnel_web
Lair:3:   st_stairs_12, beast_lair_carwin_9, uniq_gastronok, uniq_maud,
          uniq_rupert
Lair:4:   beast_lair_carwin_large_2, minmay_shoals_entry_hut,
          serial_bayou_lagoon_a, lemuel_fruit_tree, uniq_urug
Lair:6:   hangedman_lair_tendril_chambers, guppyfry_lair_end_dragon,
          minmay_slime_entry_oklob_enclosed, wad_woods_river_03,
          nicolae_lair_grove_arrangements, serial_bayou_lake_a
Shoals:1: serial_shops, nicolae_shop_competitors_out_of_business, uniq_kirke
Shoals:2: nicolae_shoals_water_shrine
Shoals:3: serial_shops, bzr_entry_road, uniq_polyphemus, uniq_bai_suzhen
Shoals:4: shoals_end_grunt_garden, shoals_ilsuiw_alternative
Spider:2: uniq_arachne, uniq_frances
Spider:3: hive_lemuel, nicolae_spider_cling_halls, uniq_donald
Spider:4: guppyfry_spider_rune
Orc:1:    portal_ice_cave_demonic_guard, minmay_orc_temple_b
Orc:2:    pubby_orc_utopia, uniq_nessos
Elf:1:    eino_elf_arrival_customs, hangedman_elven_crosses_minicolossus,
          st_stairs_8
Vaults:1: hangedman_vaults_snaps, vaults_room_ringed_pool,
          ontoclasm_vaults_shout, v_pattern_3, v_alt_pattern_5,
          vaults_room_door_hall, nicolae_vaults_disjoint_gnomons,
          vaults_standard_mumra_enter_the_diamond, vaults_room_fancy_cross,
          v_misc_8, nicolae_vaults_specimen_jars,
          hangedman_vaults_stretched_pinwheel, nicolae_vaults_little_ls,
          uniq_wiglaf
Vaults:2: vaults_standard_mumra_lines, nicolae_vaults_windows_and_doors_thing,
          vaults_room_door_hall, vaults_room_fancy_cross, vaults_room_corners,
          nicolae_vaults_little_squares_1, v_alt_pattern_3,
          vaults_mumra_minichess, nicolae_vaults_rhombus_5, serial_shops,
          bzr_firewalk, shop, shop, shop_fountains, nicolae_trove_entry_crystal
Vaults:3: minmay_crypt_entry_necro_gods, v_misc_13, vaults_room_fours,
          ontoclasm_vaults_pinch, ontoclasm_vaults_tryst, vaults_room_corners,
          vaults_room_semicircle, vaults_dpeg_encased_lava, vaults_room_boxed,
          nicolae_vaults_little_squares_1, grunt_vaults_focal,
          vaults_room_corners, v_alt_pattern_6, v_misc_12,
          ontoclasm_vaults_loading_screen, uniq_aizul
Vaults:4: v_misc_18, nicolae_vaults_border_crossing,
          nicolae_vaults_fighting_squares, grunt_vaults_trifunnel, v_pattern_1,
          v_misc_25, vaults_mumra_hex, hangedman_vaults_impose,
          vaults_room_semicircle, vaults_room_fours, vaults_room_pools
Vaults:5: serial_shops
Depths:1: abyss_entry_crystal, serial_shops, shop, hangedman_decor_growths,
          rand_demon_pan_entry_8, pf_coc_iceberg, evilmike_butchery
Depths:2: lemuel_river_lethe, hell_entry, pan_entry, uniq_saint_roka,
          uniq_jorgrun
Depths:3: minmay_connected_triangles_in_corner, minmay_misc_feat_square,
          hell_entry, rand_demon_pan_entry_7, abyss_entry,
          minmay_staircase_windowed_small
Bazaar:   bazaar_minmay_snake
Sewer:    sewer_frog_island_02
IceCv:    ice_cave_small_dragons

Skill      XL: |  1  2  3  4  5  6  7  8  9 10 11 12 13 14 15 16 17 18 19 20 21 22 |
---------------+-------------------------------------------------------------------+-----
Maces & Flails | 4 5 7 8 10 12 14 15 17 19 20 | 20.0
Armour         | 4 6 7 10 12 14 17 18 19 20 21 22 | 22.1
Dodging        | 6 9 10 11 | 11.3
Throwing       | 3 5 6 8 9 11 12 13 14 15 | 15.2
Fighting       | 6 12 14 16 17 19 21 | 21.5
Shields        | 5 7 11 14 16 18 20 21 | 21.8

Action                   |  1- 3 |  4- 6 |  7- 9 | 10-12 | 13-15 | 16-18 | 19-21 | 22-24 || total
-------------------------+-------+-------+-------+-------+-------+-------+-------+-------++-------
Melee: Mace              |    40 |       |       |       |       |       |       |       ||    40
       Headbutt          |     4 |    16 |    83 |   121 |   389 |   574 |   797 |   215 ||  2199
       Flail             |     5 |   114 |   410 |       |       |       |       |       ||   529
       Dire flail        |       |       |   102 |   527 |  1641 |   716 |       |       ||  2986
       Morningstar       |       |       |       |       |       |  1441 |   540 |       ||  1981
       Eveningstar       |       |       |       |       |       |       |  1959 |   718 ||  2677
Throw: Stone             |     2 |       |       |       |       |       |       |       ||     2
       Javelin           |       |       |       |     1 |    31 |   132 |    30 |    14 ||   208
Invok: Berserk           |     1 |     2 |     3 |     9 |     6 |     8 |     6 |     4 ||    39
       Trog's Hand       |       |     1 |       |     6 |     2 |    10 |     6 |     4 ||    29
       Burn Spellbooks   |       |       |     2 |     2 |     3 |     4 |     2 |     1 ||    14
       Brothers in Arms  |       |       |       |     4 |     1 |     2 |     2 |     4 ||    13
 Abil: Evoke Flight      |       |       |       |       |       |       |       |     7 ||     7
       Stop Flying       |       |       |       |       |       |       |       |     3 ||     3
Evoke: Wand              |       |       |       |     1 |       |     2 |       |     2 ||     5
  Use: Scroll            |     6 |     3 |     9 |     4 |    12 |    11 |     7 |     3 ||    55
       Potion            |       |       |       |     3 |     1 |     6 |     5 |       ||    15
 Stab: Distracted        |       |       |       |       |       |     1 |       |       ||     1
  Eat: Chunk             |       |     8 |    18 |    27 |    45 |    47 |    48 |    12 ||   205
       Fruit             |       |       |       |       |     5 |     2 |     3 |     1 ||    11
       Pizza             |       |       |       |       |       |     1 |     1 |       ||     2
       Beef jerky        |       |       |       |       |       |     1 |       |     4 ||     5
       Bread ration      |       |       |       |       |       |     2 |       |       ||     2
Armor: Animal skin       |     4 |       |       |       |       |       |       |       ||     4
       Ring mail         |    10 |     2 |       |       |       |       |       |       ||    12
       Chain mail        |       |    68 |   222 |   110 |       |       |       |       ||   400
       Plate armour      |       |       |       |   123 |   680 |  1238 |   732 |   244 ||  3017
Dodge: Dodged            |    34 |    45 |   178 |   226 |   758 |  1008 |   562 |   232 ||  3043
Block: Shield            |       |       |       |       |       |   556 |       |       ||   556
       Large shield      |       |       |       |       |       |   527 |  3014 |   946 ||  4487
